[Event "Titled Tuesday Blitz July 26 Late 2022"]
[White "Leiva, Gianmarco"]
[Black "Zhigalko, Sergei"]
[WhiteFideId "3804399"]
[BlackFideId "13502956"]
[WhiteElo "2323"]
[BlackElo "2662"]
[Result "1-0"]
[Round "06"]
[TimeControl "180+1"]
[Date "2022.07.26"]
[WhiteClock "0:00:05"]
[BlackClock "0:00:01"]

1. e4 c5 2. Nf3 Nc6 3. Bb5 Nf6 4. Nc3 Qc7 5. O-O Nd4 6. Re1 a6 7. Bf1 Ng4 8. e5 h5 9. Nd5 Qc6 10. Nxd4 cxd4 11. Nf4 g6 12. c3 Bh6 13. Ne2 Nxe5 14. Nxd4 Qf6 15. d3 Bxc1 16. Rxc1 d6 17. Qd2 Bd7 18. Nb3 Bc6 19. Nd4 Bd7 20. Nb3 Kf8 21. d4 Ng4 22. h3 Nh6 23. Bd3 g5 24. Na5 g4 25. h4 Qxh4 26. Qf4 Rb8 27. Nc4 Rd8 28. Re2 Bc6 29. Rce1 Rd7 30. Nb6 Rc7 31. Nc4 Rd7 32. d5 Bb5 33. b3 Kg7 34. a4 Bxc4 35. Bxc4 Qf6 36. Qxf6+ Kxf6 37. a5 Rc8 38. Re4 Nf5 39. Rf4 Kg5 40. g3 h4 41. Bd3 Nh6 42. c4 hxg3 43. fxg3 Re8 44. Rfe4 f5 45. Re6 Nf7 46. Bxf5 Kxf5 47. Rf1+ Kg5 48. Rxf7 Kh5 49. Rg7 1-0


[Site "https://www.chess.com"]

[Event "Titled Tuesday Blitz July 26 Late 2022"]
[White "Lopez Del Alamo, Antonio"]
[Black "Gracia Alvarez, Gerardo Antonio"]
[WhiteFideId "2227339"]
[BlackFideId "5109124"]
[WhiteElo "2079"]
[BlackElo "2139"]
[Result "0-1"]
[Round "06"]
[TimeControl "180+1"]
[Date "2022.07.27"]
[WhiteClock "0:00:23"]
[BlackClock "0:00:18"]

1. e4 c5 2. Nf3 Nc6 3. Bb5 d6 4. O-O Bd7 5. c3 Nf6 6. Qe2 a6 7. Ba4 b5 8. Bc2 Bg4 9. h3 Bxf3 10. Qxf3 g6 11. Rd1 Qb6 12. d4 cxd4 13. cxd4 Nxd4 14. Qe3 e5 15. Nc3 Bg7 16. Nd5 Nxd5 17. exd5 O-O 18. Bd3 Rac8 19. Bd2 Qc5 20. Bc3 Qxd5 21. Be4 Qe6 22. Bxd4 exd4 23. Qf3 Rc5 24. Bd3 Rfc8 25. Re1 Re5 26. Rec1 Rxc1+ 27. Rxc1 Re1+ 28. Rxe1 Qxe1+ 29. Kh2 Be5+ 30. g3 Qd2 31. Qe2 Qxe2 32. Bxe2 d3 33. Bxd3 Bxb2 34. Kg2 Kg7 35. Kf3 Kf6 36. Ke4 Ke6 37. a4 d5+ 38. Ke3 bxa4 39. Kd2 Bd4 40. f4 a3 41. Bb1 h5 42. g4 h4 43. Ba2 Kd6 44. Kd3 Kc5 45. f5 gxf5 46. gxf5 Bf6 47. Bb3 Kd6 48. Ba2 Ke5 49. Bb3 d4 50. Ba2 Kxf5 51. Bxf7 Kf4 52. Bc4 Kg3 53. Be6 a2 54. Bxa2 Kxh3 55. Bc4 a5 56. Bb5 Kg2 57. Bc6+ Kg1 58. Kc4 h3 59. Kb5 d3 60. Kxa5 d2 61. Bf3 h2 62. Ka4 h1=Q 63. Bxh1 Kxh1 64. Kb3 d1=Q+ 0-1


[Site "https://www.chess.com"]

[Event "Titled Tuesday Blitz July 26 Late 2022"]
[White "Madaminov, Mukhiddin"]
[Black "Golubev, Mikhail"]
[WhiteFideId "14210703"]
[BlackFideId "14100983"]
[WhiteElo "2011"]
[BlackElo "2374"]
[Result "1-0"]
[Round "06"]
[TimeControl "180+1"]
[Date "2022.07.26"]
[WhiteClock "0:02:35"]
[BlackClock "0:00:01"]

1. d4 Nf6 2. Nc3 d5 3. Bf4 c5 4. e4 Nxe4 5. Nxe4 dxe4 6. dxc5 Qxd1+ 7. Rxd1 Nc6 8. Bb5 Bd7 9. Ne2 e5 10. Bxc6 Bxc6 11. Bxe5 Bxc5 12. Bxg7 Rg8 13. Bd4 Bxd4 14. Nxd4 Rxg2 15. Nxc6 bxc6 16. Rd4 f5 17. Kf1 Rg6 18. Ke2 Rd8 19. Rhd1 Rxd4 20. Rxd4 Rh6 21. Ra4 Rxh2 22. Rxa7 Kf8 23. Rc7 h5 24. a4 Rh1 25. a5 Ra1 26. b4 h4 27. Rxc6 Ke7 28. Rh6 Ra4 29. c3 f4 30. Rxh4 Ra2+ 31. Kf1 Ra1+ 32. Kg2 f3+ 33. Kg3 1-0


[Site "https://www.chess.com"]

[Event "Titled Tuesday Blitz July 26 Late 2022"]
[White "Matinian, Nikita"]
[Black "Holt, Conrad"]
[WhiteFideId "24129100"]
[BlackFideId "2034387"]
[WhiteElo "2422"]
[BlackElo "2586"]
[Result "1-0"]
[Round "06"]
[TimeControl "180+1"]
[Date "2022.07.26"]
[WhiteClock "0:00:14"]
[BlackClock "0:00:01"]

1. e4 e6 2. d4 d5 3. Nc3 Nf6 4. Bg5 dxe4 5. Nxe4 Be7 6. Bxf6 Bxf6 7. Nf3 Nd7 8. Bd3 c5 9. Qe2 Qa5+ 10. c3 cxd4 11. Nxf6+ Nxf6 12. Nxd4 O-O 13. O-O e5 14. b4 Qd5 15. Bc4 Qe4 16. Nb5 Qf4 17. Rfe1 e4 18. Qe3 Qh4 19. Nd6 Be6 20. Bxe6 fxe6 21. Nxe4 Nxe4 22. Qxe4 Qxf2+ 23. Kh1 Rf6 24. Qxb7 Raf8 25. h3 g5 26. Qe4 Qd2 27. Qe5 g4 28. Rad1 Qh6 29. Rd3 Rg6 30. Rg3 Qh4 31. Kh2 Rf5 32. Qb8+ Rf8 33. Qd6 Rf2 34. Rxe6 Rxg2+ 35. Rxg2 Qxh3+ 36. Kg1 1-0


[Site "https://www.chess.com"]

[Event "Titled Tuesday Blitz July 26 Late 2022"]
[White "Musovic, Armin"]
[Black "Hjartarson, Johann"]
[WhiteFideId "939935"]
[BlackFideId "2300044"]
[WhiteElo "2255"]
[BlackElo "2458"]
[Result "1-0"]
[Round "06"]
[TimeControl "180+1"]
[Date "2022.07.27"]
[WhiteClock "0:00:56"]
[BlackClock "0:01:16"]

1. a3 g6 2. Nc3 Bg7 3. e4 c5 4. Bc4 Nc6 5. d3 e6 6. Bf4 d6 7. Nge2 Nge7 8. O-O a6 9. Ba2 b5 10. h3 Bb7 11. Bg5 h6 12. Bh4 g5 13. Bg3 Ng6 14. f3 Nd4 15. f4 Nxe2+ 16. Nxe2 gxf4 17. Nxf4 Qg5 18. Nh5 Bxb2 19. Rb1 Be5 20. Bxe5 Nxe5 21. Nf6+ Ke7 22. d4 Qe3+ 23. Kh1 Qxd4 24. Qh5 Raf8 25. Rbd1 Qc3 26. Qh4 1-0


[Site "https://www.chess.com"]

[Event "Titled Tuesday Blitz July 26 Late 2022"]
[White "Nagy, Gabor"]
[Black "Daggupati, Balaji"]
[WhiteFideId "737119"]
[BlackFideId "2090759"]
[WhiteElo "2530"]
[BlackElo "2716"]
[Result "1-0"]
[Round "06"]
[TimeControl "180+1"]
[Date "2022.07.26"]
[WhiteClock "0:01:22"]
[BlackClock "0:00:25"]

1. c4 e5 2. Nc3 Nf6 3. Nf3 Nc6 4. e4 Bb4 5. d3 Be7 6. d4 exd4 7. Nxd4 Bb4 8. Nc2 Bxc3+ 9. bxc3 Nxe4 10. Qg4 O-O 11. Bd3 f5 12. Qh3 Qf6 13. O-O d6 14. Bb2 f4 15. Qh5 Bf5 16. Nd4 Bg6 17. Qd5+ Kh8 18. Bxe4 Ne7 19. Qe6 Qg5 20. Nf3 Qc5 21. Qxe7 Rae8 22. Qg5 Rxe4 23. Qxc5 dxc5 24. Rfe1 Rxc4 25. Ne5 Ra4 26. c4 Bf5 27. a3 Ra6 28. Rad1 Rb6 29. Ba1 Re8 30. Nf7+ Kg8 31. Rxe8+ Kxf7 32. Re5 Bc2 33. Rde1 Rb3 34. Re7+ Kf8 35. Rxc7 Rxa3 36. Bxg7+ Kg8 37. Re8# 1-0


[Site "https://www.chess.com"]

[Event "Titled Tuesday Blitz July 26 Late 2022"]
[White "Nakamura, Hikaru"]
[Black "Suder, Jakub"]
[WhiteFideId "2016192"]
[BlackFideId "1195310"]
[WhiteElo "2850"]
[BlackElo "2071"]
[Result "1-0"]
[Round "06"]
[TimeControl "180+1"]
[Date "2022.07.26"]
[WhiteClock "0:02:19"]
[BlackClock "0:01:33"]

1. g3 Nf6 2. Bg2 d5 3. d3 c5 4. Nd2 Nc6 5. e4 e6 6. Ngf3 Be7 7. O-O Qc7 8. Re1 b6 9. Qe2 Bb7 10. c3 h6 11. h4 dxe4 12. dxe4 O-O-O 13. Nc4 Nd7 14. Bf4 e5 15. Bd2 Nf6 16. a4 Ba8 17. b4 cxb4 18. cxb4 Kb8 19. Rec1 Qd7 20. b5 Nd4 21. Nxd4 Qxd4 22. Bc3 Qd7 23. Bxe5+ Kb7 24. a5 1-0


[Site "https://www.chess.com"]

[Event "Titled Tuesday Blitz July 26 Late 2022"]
[White "Oparin, Grigoriy"]
[Black "Aravindh, Chithambaram VR."]
[WhiteFideId "24125890"]
[BlackFideId "5072786"]
[WhiteElo "2639"]
[BlackElo "2577"]
[Result "1-0"]
[Round "06"]
[TimeControl "180+1"]
[Date "2022.07.26"]
[WhiteClock "0:00:18"]
[BlackClock "0:00:02"]

1. c4 d6 2. Nc3 c5 3. g3 g6 4. Bg2 Bg7 5. b3 e5 6. Bb2 Ne7 7. e3 Nbc6 8. Nge2 h5 9. h3 Be6 10. d3 Qd7 11. a3 d5 12. cxd5 Nxd5 13. Ne4 Qe7 14. Rc1 b6 15. b4 h4 16. bxc5 O-O 17. cxb6 Rfc8 18. Nc5 hxg3 19. Nxg3 axb6 20. Nxe6 Qxe6 21. O-O Nce7 22. Ne4 Nf5 23. Ng5 Qe7 24. Bxd5 Qxg5+ 25. Qg4 Qd8 26. Bxa8 Rxa8 27. Rfd1 Nh6 28. Qe4 Ra5 29. Rc6 Qg5+ 30. Kh2 Qh5 31. Re1 Kh7 32. Rc7 Rb5 33. Bc3 Rb3 34. a4 Ra3 35. Bb2 Ra2 36. Rc2 f5 37. Qd5 e4 38. Qxa2 Ng4+ 39. Kg2 Ne5 40. Bxe5 Qf3+ 41. Kg1 Bxe5 42. Qf7+ Kh6 43. Qf8+ Bg7 44. Qd6 exd3 45. Rd2 1-0


[Site "https://www.chess.com"]

[Event "Titled Tuesday Blitz July 26 Late 2022"]
[White "Oro, Luis"]
[Black "Nozdrachev, Leonid"]
[WhiteFideId "104094"]
[BlackFideId "24113433"]
[WhiteElo "2349"]
[BlackElo "2100"]
[Result "1-0"]
[Round "06"]
[TimeControl "180+1"]
[Date "2022.07.27"]
[WhiteClock "0:00:03"]
[BlackClock "0:00:02"]

1. e4 d6 2. d4 Nf6 3. Nc3 e5 4. Nf3 Nbd7 5. Bc4 Be7 6. O-O O-O 7. h3 c6 8. a4 Qc7 9. Re1 Re8 10. a5 Nf8 11. b3 Ng6 12. Bb2 Nh5 13. Ne2 Bf6 14. Qd2 Nhf4 15. Nxf4 Nxf4 16. Bf1 Bd7 17. Rad1 Rad8 18. Kh2 d5 19. dxe5 Bxe5 20. Nxe5 Ng6 21. f4 Bc8 22. Nxg6 hxg6 23. exd5 Rxe1 24. Rxe1 Rxd5 25. Qe3 Bf5 26. Bc4 Rd8 27. Be5 Qxa5 28. Ra1 Qd2 29. Qxd2 Rxd2 30. Rxa7 Be4 31. Bf1 Rf2 32. Kg1 Rxc2 33. Rxb7 Rc1 34. Kf2 Rc2+ 35. Kg3 Bd5 36. b4 Rc1 37. Be2 Rc2 38. Bf3 Be6 39. Rb6 c5 40. b5 Bc4 41. Rb8+ Kh7 42. b6 f6 43. Bd6 Ba6 44. b7 Rb2 45. Bxc5 Rb3 46. Kf2 Rb2+ 47. Ke3 f5 48. Kd4 Rd2+ 49. Ke5 Rb2 50. Kd6 Bxb7 51. Rxb7 Rd2+ 52. Ke7 g5 53. fxg5 Kg6 54. h4 f4 55. Ke6 1-0


[Site "https://www.chess.com"]

[Event "Titled Tuesday Blitz July 26 Late 2022"]
[White "Ovchinnikov, Vsevolod"]
[Black "Janaszak, Dawid"]
[WhiteFideId "24176842"]
[BlackFideId "1119206"]
[WhiteElo "2376"]
[BlackElo "2199"]
[Result "0-1"]
[Round "06"]
[TimeControl "180+1"]
[Date "2022.07.27"]
[WhiteClock "0:00:02"]
[BlackClock "0:00:25"]

1. d4 Nf6 2. c4 c5 3. d5 b5 4. cxb5 a6 5. bxa6 Bxa6 6. Nc3 d6 7. Nf3 g6 8. e4 Bxf1 9. Kxf1 Bg7 10. g3 O-O 11. Kg2 Qb6 12. Qc2 Na6 13. h3 Rfb8 14. Rd1 Nd7 15. a3 Qb3 16. Qxb3 Rxb3 17. Nd2 Rb7 18. f4 Nb4 19. Nc4 Nc2 20. Ra2 Nb6 21. Nxb6 Rxb6 22. Ne2 Rab8 23. b4 cxb4 24. Rxc2 b3 25. Rb2 Rc8 26. Rb1 b2 27. Be3 Rb3 28. Bd4 Rc2 29. Kf2 Bh6 30. h4 e5 31. dxe6 fxe6 32. Ke1 e5 33. fxe5 dxe5 34. Bxe5 Re3 35. Rd2 Rxd2 36. Kxd2 Rxe4+ 37. Bf4 Bg7 38. Nc3 Rc4 39. Nd1 Rd4+ 40. Kc2 Ra4 41. Kb3 Ra8 42. Nxb2 Ra6 43. Ka2 Bf8 44. Nc4 Ra4 45. Rc1 Kf7 46. Kb3 Ra6 47. Rc2 Ke6 48. Re2+ Kf5 49. Re5+ Kg4 50. Ra5 Re6 51. Re5 Rc6 52. Re8 Bg7 53. Ne5+ Bxe5 54. Rxe5 Rc8 55. Rb5 h6 56. a4 Rd8 57. a5 Rd3+ 58. Kb4 Rd1 59. a6 Rb1+ 60. Kc5 Ra1 61. Kb6 g5 62. hxg5 hxg5 63. Rxg5+ Kf3 64. Ra5 Rb1+ 65. Rb5 Ra1 66. a7 Kg4 67. Ra5 Rc1 68. Ka6 Rb1 69. a8=Q Rf1 70. Qg8+ Kf3 71. Ra3+ Kg2 72. Qd5+ Kg1 73. Be3+ Kh2 0-1


[Site "https://www.chess.com"]

[Event "Titled Tuesday Blitz July 26 Late 2022"]
[White "Pakleza, Zbigniew"]
[Black "Melikyan, Gnel"]
[WhiteFideId "1119290"]
[BlackFideId "54109990"]
[WhiteElo "2467"]
[BlackElo "1772"]
[Result "1-0"]
[Round "06"]
[TimeControl "180+1"]
[Date "2022.07.26"]
[WhiteClock "0:00:11"]
[BlackClock "0:00:12"]

1. d4 Nf6 2. Nf3 d5 3. Bf4 c6 4. e3 Bf5 5. c4 dxc4 6. Bxc4 e6 7. Nc3 Bd6 8. Bg3 O-O 9. Qb3 b5 10. Be2 a5 11. a4 b4 12. Nb1 c5 13. dxc5 Bxc5 14. Nbd2 Qe7 15. O-O Nbd7 16. Rac1 Rfc8 17. Bb5 Nb6 18. Ne5 Bd6 19. Rfd1 Rxc1 20. Rxc1 Ne4 21. Nxe4 Bxe4 22. Qd1 Rd8 23. Qe2 h6 24. f3 Bb7 25. Rd1 Bc5 26. Bf2 Qf6 27. Rxd8+ Qxd8 28. Nd3 Be7 29. e4 Qc7 30. g3 Bd6 31. Qe3 Nd7 32. Qa7 Ne5 33. Nxe5 Bxe5 34. Kg2 g5 35. b3 Kh7 36. h3 Kg6 37. Qb6 Qxb6 38. Bxb6 f5 39. exf5+ exf5 40. Bxa5 g4 41. Be2 h5 42. Bxb4 Bd5 43. hxg4 hxg4 44. Bd1 gxf3+ 45. Bxf3 Bxb3 46. a5 Bd4 47. a6 Bc4 48. Bb7 Kf6 49. Bd6 Ke6 50. Bb8 Kf6 51. a7 Bxa7 52. Bxa7 Kg5 53. Be3+ Kg6 54. Bf4 Bd3 55. Bf3 Bc2 56. Kf2 Bb1 57. Ke3 Bc2 58. Kd4 Bb1 59. Ke5 Bc2 60. Bd5 Bb1 61. Kd4 Bc2 62. Bc4 Bb1 63. Bd3 Ba2 64. Ke5 Bf7 65. Bxf5+ Kg7 66. g4 Be8 67. g5 Bh5 68. Be3 Be8 69. Kf4 Bf7 70. Bd4+ Kg8 71. g6 Be8 72. Kg5 Bxg6 73. Kxg6 Kf8 74. Bf6 Ke8 75. Be6 Kf8 76. Bd7 Kg8 77. Be7 Kh8 78. Bd6 Kg8 79. Be6+ Kh8 80. Be5# 1-0


[Site "https://www.chess.com"]

[Event "Titled Tuesday Blitz July 26 Late 2022"]
[White "Pesotskiy, Mikhail"]
[Black "Howell, David W L"]
[WhiteFideId "34164453"]
[BlackFideId "410608"]
[WhiteElo "2010"]
[BlackElo "2559"]
[Result "0-1"]
[Round "06"]
[TimeControl "180+1"]
[Date "2022.07.26"]
[WhiteClock "0:00:42"]
[BlackClock "0:01:21"]

1. d4 d5 2. c4 c6 3. Nf3 Nf6 4. Nbd2 a6 5. e3 Bf5 6. Nh4 Be4 7. f3 Bg6 8. Qb3 Qc7 9. Kf2 Nbd7 10. cxd5 cxd5 11. Qc3 Rc8 12. Qxc7 Rxc7 13. Nxg6 hxg6 14. Bd3 e5 15. dxe5 Nxe5 16. Ke2 Bd6 17. h3 Ke7 18. Nb3 Rhc8 19. Bd2 Nh5 20. Ba5 Ng3+ 21. Kd2 Nxh1 22. Bxc7 Bb4+ 23. Ke2 Ng3+ 24. Kd1 Rxc7 0-1


[Site "https://www.chess.com"]

[Event "Titled Tuesday Blitz July 26 Late 2022"]
[White "Pfreundt, Jakob"]
[Black "Garrido, Denis"]
[WhiteFideId "12918156"]
[BlackFideId "601217"]
[WhiteElo "2345"]
[BlackElo "2415"]
[Result "1-0"]
[Round "06"]
[TimeControl "180+1"]
[Date "2022.07.27"]
[WhiteClock "0:00:13"]
[BlackClock "0:00:09"]

1. e4 e5 2. Nf3 Nc6 3. Nc3 Nf6 4. d4 exd4 5. Nxd4 Bb4 6. Nxc6 bxc6 7. Bd3 d5 8. Bd2 O-O 9. O-O Bxc3 10. Bxc3 dxe4 11. Bxf6 Qxf6 12. Bxe4 Qxb2 13. Bxc6 Rb8 14. Rb1 Qxb1 15. Qxb1 Rxb1 16. Rxb1 Rd8 17. Bf3 Kf8 18. Rb8 Re8 19. h4 Ba6 20. Rb4 Re6 21. Kh2 Ke7 22. g4 Be2 23. Bd5 Re5 24. Bb3 a5 25. Rb7 Kd6 26. Kg3 f6 27. Rb8 h5 28. gxh5 Bxh5 29. Rg8 g5 30. Rf8 Ke7 31. Rc8 Kd7 32. Rf8 Ke7 33. Ra8 gxh4+ 34. Kxh4 Be2 35. Kg3 Kd6 36. Rd8+ Ke7 37. Rd4 Bb5 38. Rh4 Rg5+ 39. Kf4 Kd6 40. Ke3 Re5+ 41. Kf3 Bc6+ 42. Kg3 Rg5+ 43. Kf4 Rg2 44. Ke3 Rg5 45. Rh6 Re5+ 46. Kf4 Ke7 47. Rh7+ Kd6 48. Rf7 Re4+ 49. Kf5 Bd7+ 50. Kxf6 Rf4+ 51. Kg7 Rxf7+ 52. Kxf7 Ke5 53. Ke7 Bf5 54. Kd8 c5 55. Kc7 Kf4 56. Kb6 c4 57. Bxc4 Bxc2 58. Bd5 a4 59. Ka5 Bd1 60. a3 Bc2 61. Kb4 Bd1 62. Bc6 Kg4 63. Bxa4 Be2 64. Bc6 Kf5 65. Kc5 Kf4 66. a4 1-0


[Site "https://www.chess.com"]

[Event "Titled Tuesday Blitz July 26 Late 2022"]
[White "Pinheiro, Iung Alicio de O."]
[Black "Wachinger, Guenther"]
[WhiteFideId "2104350"]
[BlackFideId "4604261"]
[WhiteElo "2283"]
[BlackElo "2212"]
[Result "1-0"]
[Round "06"]
[TimeControl "180+1"]
[Date "2022.07.27"]
[WhiteClock "0:00:19"]
[BlackClock "0:00:04"]

1. e4 c5 2. Nf3 d6 3. d4 cxd4 4. Nxd4 Nf6 5. Nc3 g6 6. f3 Bg7 7. Be3 O-O 8. Qd2 Nc6 9. O-O-O d5 10. exd5 Nxd5 11. Nxc6 bxc6 12. Bd4 Bxd4 13. Qxd4 Qb6 14. Na4 Qa5 15. b3 Be6 16. Qc5 Qc7 17. Bc4 Rab8 18. Bxd5 Qf4+ 19. Rd2 cxd5 20. Qd4 Qd6 21. Qc5 Qf4 22. Qd4 Qd6 23. Kb1 Rfc8 24. Nb2 a5 25. Re1 a4 26. Nxa4 Rc4 27. Qxc4 dxc4 28. Rxd6 exd6 29. Nc3 h5 30. Rd1 Rb6 31. Ne4 cxb3 32. axb3 Bf5 33. Rxd6 Rb4 34. Nd2 h4 35. Kb2 Kg7 36. c4 g5 37. Kc3 Rb7 38. Rd5 Kg6 39. Ne4 Bxe4 40. fxe4 Ra7 41. c5 Ra2 42. Rd2 1-0


[Site "https://www.chess.com"]

[Event "Titled Tuesday Blitz July 26 Late 2022"]
[White "Pranav, V"]
[Black "Csonka, Balazs"]
[WhiteFideId "25060783"]
[BlackFideId "742910"]
[WhiteElo "2380"]
[BlackElo "2404"]
[Result "1-0"]
[Round "06"]
[TimeControl "180+1"]
[Date "2022.07.26"]
[WhiteClock "0:00:04"]
[BlackClock "0:00:01"]

1. e4 e5 2. Nf3 Nc6 3. Bb5 a6 4. Ba4 Nf6 5. O-O Be7 6. Re1 b5 7. Bb3 d6 8. c3 O-O 9. d4 Bg4 10. Be3 Bh5 11. h3 exd4 12. cxd4 Na5 13. Bc2 Nc4 14. Bc1 d5 15. e5 Ne4 16. Bxe4 dxe4 17. Rxe4 c5 18. d5 f6 19. e6 Nb6 20. Nc3 b4 21. Na4 Nxa4 22. Qxa4 Qxd5 23. Re3 Rfd8 24. Nd2 c4 25. Re1 Be8 26. Qc2 Rac8 27. Nf1 Qd3 28. Qxd3 cxd3 29. Bd2 Rc2 30. b3 Rdc8 31. Red1 R2c6 32. Re1 Bg6 33. g4 f5 34. f4 Rc2 35. Rad1 h5 36. Ne3 hxg4 37. hxg4 fxg4 38. f5 Bh5 39. Nd5 Bc5+ 40. Be3 Kf8 41. f6 gxf6 42. Bxc5+ R8xc5 43. e7+ Kg7 44. Nf4 Bf7 45. Ne6+ Kg6 46. Nxc5 Rxc5 47. e8=Q Bxe8 48. Rxe8 Rc2 49. Rxd3 f5 50. Rf8 Rxa2 51. Rd6+ Kg5 52. Rd5 Kh4 53. Rfxf5 Rb2 54. Rd3 Rb1+ 55. Rf1 Rb2 56. Rf2 Rb1+ 57. Kg2 a5 58. Rg3 Rd1 59. Kh2 Re1 60. Rf4 Re2+ 61. Rg2 Re3 62. Rfxg4+ Kh5 63. R4g3 1-0


[Site "https://www.chess.com"]

[Event "Titled Tuesday Blitz July 26 Late 2022"]
[White "Prydun, Andriy"]
[Black "Arencibia Monduy, Antonio"]
[WhiteFideId "14145898"]
[BlackFideId "3507939"]
[WhiteElo "2063"]
[BlackElo "2554"]
[Result "1-0"]
[Round "06"]
[TimeControl "180+1"]
[Date "2022.07.27"]
[WhiteClock "0:01:02"]
[BlackClock "0:00:01"]

1. e4 c5 2. Nf3 d6 3. c3 Nf6 4. h3 Nc6 5. Bd3 e5 6. Bc2 Qc7 7. b3 Be7 8. Bb2 O-O 9. O-O Re8 10. d4 Bf8 11. Nbd2 Ne7 12. Re1 Ng6 13. Bd3 Nf4 14. Bf1 b6 15. Kh2 Bb7 16. d5 a6 17. g3 Ng6 18. Bg2 b5 19. Nf1 c4 20. Ba3 cxb3 21. Qxb3 Rec8 22. Rac1 Nd7 23. N3d2 Nb6 24. Ne3 Na4 25. c4 Nc5 26. Qc2 Qd7 27. h4 Rc7 28. Bh3 Qe8 29. Qb1 Bc8 30. Bf1 Bd7 31. Bb4 a5 32. Bxc5 Rxc5 33. cxb5 Rxc1 34. Rxc1 Rb8 35. a4 Be7 36. Ndc4 Qd8 37. Ng2 Bg4 38. Rc3 Qd7 39. Nce3 Bh3 40. Nf5 Bxf5 41. exf5 Nf8 42. Rc6 g6 43. Bd3 Bf6 44. Be4 Kg7 45. Ne3 Qd8 46. Qf1 h5 47. Qh3 Nd7 48. Rxd6 Qe7 49. Rc6 Nc5 50. Bc2 e4 51. d6 1-0


[Site "https://www.chess.com"]

[Event "Titled Tuesday Blitz July 26 Late 2022"]
[White "Przybylski, Wojciech"]
[Black "Vlassov, Nikolai"]
[WhiteFideId "1117599"]
[BlackFideId "4103360"]
[WhiteElo "2133"]
[BlackElo "2324"]
[Result "0-1"]
[Round "06"]
[TimeControl "180+1"]
[Date "2022.07.26"]
[WhiteClock "0:00:01"]
[BlackClock "0:00:14"]

1. e4 c5 2. Nf3 d6 3. Bb5+ Nd7 4. O-O a6 5. Bc4 Ngf6 6. Re1 b5 7. Bf1 Bb7 8. d3 g6 9. a4 Bg7 10. Nc3 b4 11. Ne2 O-O 12. h3 e5 13. Ng3 h6 14. c3 bxc3 15. bxc3 Ne8 16. Bd2 Bc6 17. Qc2 f5 18. Nh2 f4 19. Ne2 g5 20. d4 Ndf6 21. f3 h5 22. Qb3+ Kh7 23. Reb1 g4 24. d5 Bd7 25. Qc2 g3 26. Bxf4 exf4 27. e5+ Kg8 28. e6 gxh2+ 29. Kxh2 Nxd5 30. exd7 Qxd7 31. Qb3 Qf7 32. Nc1 Ne3 33. Qxf7+ Rxf7 34. Rb6 Nxf1+ 35. Kg1 Ne3 36. Ne2 d5 37. Rab1 d4 38. cxd4 cxd4 39. R1b3 Rd8 40. Rd3 Rc7 41. Nxf4 Rc1+ 42. Kf2 Kh7 43. Nxh5 Bh6 0-1


[Site "https://www.chess.com"]

[Event "Titled Tuesday Blitz July 26 Late 2022"]
[White "Rama, Tejas"]
[Black "Hartikainen, Jarmo"]
[WhiteFideId "30907381"]
[BlackFideId "503134"]
[WhiteElo "1430"]
[BlackElo "2104"]
[Result "1-0"]
[Round "06"]
[TimeControl "180+1"]
[Date "2022.07.27"]
[WhiteClock "0:00:11"]
[BlackClock "0:00:05"]

1. d4 Nf6 2. c4 e6 3. Nf3 c5 4. d5 exd5 5. cxd5 d6 6. Nc3 g6 7. Nd2 Bg7 8. e4 O-O 9. Be2 Re8 10. O-O Na6 11. f3 Nc7 12. a4 b6 13. Nc4 Rb8 14. Bf4 Bf8 15. Qd2 a6 16. Rfb1 b5 17. axb5 axb5 18. Na5 Bd7 19. b4 c4 20. Bf1 Qe7 21. Ne2 Bg7 22. Nd4 Qf8 23. Nac6 Ra8 24. Rxa8 Rxa8 25. Qb2 Nh5 26. Be3 Bxc6 27. dxc6 Ne6 28. Nxe6 Bxb2 29. Nxf8 Kxf8 30. Rxb2 Rc8 31. Bh6+ Ke7 32. g4 Nf6 33. Bg5 Rxc6 34. Re2 Ke6 35. Bh3 c3 36. Bc1 g5 37. Bxg5 c2 38. Bc1 Ke5 39. f4+ Kd4 40. e5 Nd5 41. Bg2 Nc3 42. Rd2+ Kc4 43. Bxc6 Kb3 44. Rxc2 Kxc2 45. Be3 Kd3 46. exd6 Kxe3 47. d7 Ne2+ 48. Kg2 Nxf4+ 49. Kg3 Ne6 50. Kh4 Nd8 51. Bxb5 Kd4 52. Kg5 Kc3 53. Kf6 Kxb4 54. Bd3 Kc3 55. Bxh7 Kd4 56. Ke7 Nc6+ 57. Kxf7 Ke5 58. d8=Q Nxd8+ 59. Kg6 Kf4 60. Kh5 Ne6 61. Bf5 Ng5 62. h4 Ne4 63. Bxe4 Kxe4 64. g5 Ke5 65. g6 Kf6 66. Kh6 Ke7 67. g7 1-0


[Site "https://www.chess.com"]

[Event "Titled Tuesday Blitz July 26 Late 2022"]
[White "Rastbod, Ali"]
[Black "Kravtsiv, Martyn"]
[WhiteFideId "12567477"]
[BlackFideId "14113147"]
[WhiteElo "2135"]
[BlackElo "2694"]
[Result "0-1"]
[Round "06"]
[TimeControl "180+1"]
[Date "2022.07.26"]
[WhiteClock "0:00:07"]
[BlackClock "0:00:06"]

1. d4 d5 2. Nf3 e6 3. c3 Nf6 4. Bf4 c5 5. e3 Nc6 6. Nbd2 Bd6 7. Bg3 O-O 8. Bd3 g6 9. O-O b6 10. Ne5 Bb7 11. f4 Ne7 12. Bh4 Ne8 13. Qf3 f6 14. Qh3 Ng7 15. Ng4 Nef5 16. e4 Nxh4 17. Qxh4 f5 18. Qxd8 Raxd8 19. Nh6+ Kh8 20. e5 Be7 21. Nf3 Nh5 22. Ng5 Kg7 23. Nxe6+ Kxh6 24. g3 Rc8 25. Nxf8 Bxf8 26. a4 a6 27. Be2 Ng7 28. Rfd1 Ne6 29. Kf1 Kg7 30. Bf3 cxd4 31. cxd4 Bb4 32. Rac1 Rxc1 33. Rxc1 Kf7 34. Kf2 Ke7 35. Ke3 Kd7 36. h3 Bf8 37. g4 Bh6 38. g5 Nxg5 39. Rf1 Ne6 40. Be2 Ke7 41. h4 Bc6 42. b3 a5 43. Ba6 Kd7 44. Be2 Bf8 45. h5 Bh6 46. hxg6 hxg6 47. Bd3 Ke7 48. Ba6 Kf7 49. Bc8 Ng7 50. Rc1 Be8 51. Rc7+ Kf8 52. e6 Nh5 53. Kf3 Bxf4 54. Rh7 Bd6 55. Rb7 g5 56. Rxb6 g4+ 57. Kf2 Ke7 58. Rb7+ Kf6 59. Bd7 Bg6 60. Rb6 Bg3+ 61. Kg2 Bc7 62. Rc6 Bd8 63. Rc8 Be7 64. Bc6 f4 65. Bxd5 f3+ 66. Bxf3 gxf3+ 67. Kxf3 Bf5 68. d5 Ke5 69. Ra8 Bb4 70. Ra7 Nf6 71. e7 Be4+ 72. Ke2 Bxd5 73. Ra6 Ne8 74. Rb6 Bf7 75. Rb8 Kf6 76. Rb7 Bxb3 77. Rb8 Bxa4 78. Kd3 Kxe7 79. Kc4 Nd6+ 80. Kd5 Bb3+ 81. Kc6 Ke6 82. Rh8 Bd5+ 83. Kc7 Nf5 84. Re8+ Kf6 85. Re1 a4 86. Rb1 Bb3 87. Kb6 Nd4 88. Rh1 a3 89. Rh4 a2 0-1


[Site "https://www.chess.com"]

[Event "Titled Tuesday Blitz July 26 Late 2022"]
[White "Riff, Vincent"]
[Black "Keller, Peter"]
[WhiteFideId "617776"]
[BlackFideId "1272105"]
[WhiteElo "2369"]
[BlackElo "2275"]
[Result "1-0"]
[Round "06"]
[TimeControl "180+1"]
[Date "2022.07.27"]
[WhiteClock "0:00:24"]
[BlackClock "0:00:26"]

1. e4 e5 2. Nf3 Nc6 3. Bb5 Nf6 4. O-O Nxe4 5. d4 Nd6 6. dxe5 Nxb5 7. a4 Nbd4 8. Nxd4 Nxd4 9. Qxd4 d6 10. Bf4 d5 11. Nc3 Be6 12. Rad1 c6 13. Qd3 g6 14. Qe3 Qb6 15. Qc1 Bg7 16. Rfe1 O-O 17. Be3 Qc7 18. Bh6 Bxe5 19. Bxf8 Bxh2+ 20. Kh1 Rxf8 21. g3 Bxg3 22. fxg3 Qxg3 23. Qe3 Qh4+ 24. Kg2 h5 25. Rd4 Bh3+ 26. Kg1 Bg4 27. Rf4 Qg5 28. Qg3 c5 29. Nb5 a6 30. Nd6 Qd8 31. Rf2 Qb6 32. Nxf7 Rxf7 33. Re8+ Kg7 34. Qe5+ Kh6 35. Rxf7 1-0


[Site "https://www.chess.com"]

[Event "Titled Tuesday Blitz July 26 Late 2022"]
[White "Sanchez, Robert"]
[Black "Kujawski, Adam"]
[WhiteFideId "2034360"]
[BlackFideId "1100920"]
[WhiteElo "2254"]
[BlackElo "1972"]
[Result "0-1"]
[Round "06"]
[TimeControl "180+1"]
[Date "2022.07.27"]
[WhiteClock "0:00:10"]
[BlackClock "0:00:07"]

1. e4 e5 2. Nf3 Nc6 3. Bb5 a6 4. Ba4 Nf6 5. d3 b5 6. Bb3 Bc5 7. Nc3 O-O 8. a3 Nd4 9. Nxd4 Bxd4 10. O-O c6 11. Ne2 Bc5 12. c3 h6 13. Bc2 d5 14. exd5 cxd5 15. d4 exd4 16. Nxd4 Bg4 17. Qd3 Qc7 18. h3 Bh5 19. Be3 Bg6 20. Qd1 Bxc2 21. Qxc2 Rfe8 22. Rad1 Rad8 23. Qf5 Ne4 24. Qg4 Kh7 25. Nf5 Qe5 26. Bxc5 Nxc5 27. Rfe1 Qxe1+ 28. Rxe1 Rxe1+ 29. Kh2 Ne6 30. Ne3 d4 31. cxd4 Rxd4 32. Qf5+ Kg8 33. Nc2 Rf4 34. Qxf4 Nxf4 35. Nxe1 f5 36. Kg3 Ne6 37. Nd3 Kf7 38. Nb4 Nc5 39. Kf4 Ke6 40. h4 a5 41. Nc6 Nd3+ 42. Ke3 Nxb2 43. Nxa5 g5 44. hxg5 hxg5 45. Nb3 Kd5 46. f4 Nc4+ 47. Kf3 g4+ 48. Ke2 Nxa3 49. Nc1 Nc4 50. g3 b4 51. Nd3 b3 52. Kd1 Kd4 0-1


[Site "https://www.chess.com"]